 Dungeon Sprint DCSS version 0.21.1-1-g345015f (webtiles) character file.

631 Lilu the Basher (level 7, -9/80 HPs)
             Began as a Troll Berserker on July 24, 2018.
             Was a Priest of Trog.
             Shot with an arrow by a centaur warrior (11 damage)
             ... in the Dungeon (Sprint I: "Red Sonja").
             The game lasted 00:04:37 (423 turns).

Lilu the Basher (Troll Berserker)                    Turns: 423, Time: 00:04:37

Health: -9/80      AC:  5    Str: 28    XL:     7   Next: 24%
Magic:  6/6        EV: 10    Int:  3    God:    Trog [***...]
Gold:   405        SH:  0    Dex:  9    Spells: 6/6 levels left

rFire    . . .     SeeInvis .   k - +0 giant club
rCold    . . .     Gourm    +   (shield currently unavailable)
rNeg     . . .     Faith    .   b - +0 animal skin
rPois    .         Spirit   .   (helmet restricted)
rElec    .         Reflect  .   (no cloak)
rCorr    .         Harm     .   (gloves unavailable)
MR       .....     NoTele   +   (boots unavailable)
Stlth    +.........             (no amulet)
HPRegen  0.63/turn              (no ring)
MPRegen  0.10/turn              (no ring)

@: no status effects
A: large, unfitting armour, claws 3, fast metabolism 3, gourmand, regeneration
1, shaggy fur 1, tough skin 2
a: Berserk, Trog's Hand, Burn Spellbooks, Renounce Religion


You were in the Dungeon.
You worshipped Trog.
Trog was most pleased with you.
You were very full.

You visited 1 branch You collected 405 gold pieces.

Inventory:

Hand Weapons
 a - a +0 mace
 k - a +0 giant club (weapon)
Armour
 b - a +0 animal skin (worn)
Scrolls
 i - a scroll of blinking
Potions
 d - a potion of curing
 e - a potion of heal wounds
 f - a potion of haste
 g - 2 potions of magic
 h - a potion of berserk rage
 j - 2 potions of brilliance {unknown}
Comestibles
 c - 2 rations
 l - 4 chunks of flesh


   Skills:
 + Level 8.1 Fighting
 - Level 11.8 Maces & Flails
 + Level 2.4 Dodging
 - Level 0.3 Stealth


You had 6 spell levels left.
You didn't know any spells.

Dungeon Overview and Level Annotations

Branches:
Dungeon (1/1)

Altars:
Cheibriados
Dithmenos
Elyvilon
Fedhas
Gozag
Hepliaklqana
Kikubaaqudgha
Makhleb
Nemelex Xobeh
Okawaru
Qazlal
Ru
Sif Muna
Trog
Uskayaw
Vehumet
Wu Jian
Xom
Yredelemnul
Zin
The Shining One
Jiyva
Lugonu

Shops:
D [


Innate Abilities, Weirdness & Mutations

You are too large for most types of armour.
You have claws for hands.
Your metabolism is lightning-fast.
You like to eat raw meat.
Your natural rate of healing is unusually fast.
You are covered in fur. (AC +1)
You have very tough skin. (AC +2)


Message History

The centaur warrior unwields an uncursed shortbow.
The centaur warrior hits you.
You barely miss the centaur warrior.
The centaur warrior is lightly wounded.
The centaur warrior hits you!
You bludgeon the centaur warrior!!
The centaur warrior is almost dead.
The centaur warrior hits you! The centaur warrior hits you.
* * * LOW HITPOINT WARNING * * *
The centaur warrior wields an uncursed shortbow.
The centaur warrior shoots an arrow.
The arrow hits you.
* * * LOW HITPOINT WARNING * * *
Things that are here:
an arrow; a robe The centaur warrior shoots an arrow.
The arrow hits you!!
* * * LOW HITPOINT WARNING * * *
There is an open door, spattered with blood here.
You see here an arrow.
The centaur warrior shoots an arrow.
The arrow hits you!
You die...

######################
#<.#..'..#.)'..#__#..+
#..'[.#..'..#@.'..'..#
#..#####'#####(#__####
#..####..#...#(####§
#..#__####..##c#≈§≈§
#..#_____##'#_.'§§≈§
#⌠⌠#_.∩...÷..._#≈≈§§c
####_..__##_.#+##+###
#_____###+# #######


You could see a centaur warrior.

Vanquished Creatures
  A slime creature (D)
  Sigmund (D)
  A yak (D)
  An ogre (D)
  A jelly (D)
  Ijyb (D)
6 creatures vanquished.

Vanquished Creatures (others)
  A gargoyle (D)
1 creature vanquished.

Grand Total: 7 creatures vanquished

Notes
Turn   | Place    | Note
-------+----------+-------------------------------------------
     0 | D        | Lilu the Troll Berserker began the quest for the Orb.
     0 | D        | Reached XP level 1. HP: 22/22 MP: 0/0
     1 | D        | Noticed Ijyb
    22 | D        | Killed Ijyb
    22 | D        | Reached skill level 5 in Fighting
    22 | D        | Reached XP level 2. HP: 34/35 MP: 1/1
    28 | D        | Noticed an ogre
    33 | D        | Killed an ogre
    33 | D        | Reached XP level 3. HP: 12/48 MP: 2/2
    33 | D        | Reached XP level 4. HP: 14/57 MP: 3/3
   158 | D        | Killed a gargoyle
   207 | D        | Noticed Sigmund
   210 | D        | Killed Sigmund
   210 | D        | Reached ** piety under Trog
   210 | D        | Reached skill level 8 in Maces & Flails
   210 | D        | Reached XP level 5. HP: 56/63 MP: 4/4
   210 | D        | Reached XP level 6. HP: 64/72 MP: 5/5
   239 | D        | Found a burning altar of Makhleb.
   239 | D        | Found a viscous altar of Jiyva.
   239 | D        | Found a shimmering altar of Xom.
   239 | D        | Found a corrupted altar of Lugonu.
   239 | D        | Noticed a slime creature
   246 | D        | Killed a slime creature
   246 | D        | Reached skill level 10 in Maces & Flails
   268 | D        | Found an ornate altar of the Wu Jian Council.
   268 | D        | Found a deep blue altar of Sif Muna.
   270 | D        | Found a radiant altar of Vehumet.
   291 | D        | Found Honau's Armour Emporium.
   291 | D        | Found an ancient bone altar of Kikubaaqudgha.
   291 | D        | Found a hazy altar of Hepliaklqana.
   291 | D        | Found a stormy altar of Qazlal.
   291 | D        | Found a hide-covered altar of Uskayaw.
   291 | D        | Found a blossoming altar of Fedhas.
   291 | D        | Found a bloodstained altar of Trog.
   291 | D        | Found an iron altar of Okawaru.
   291 | D        | Found a basalt altar of Yredelemnul.
   291 | D        | Found a glowing golden altar of the Shining One.
   291 | D        | Found a snail-covered altar of Cheibriados.
   291 | D        | Found a sacrificial altar of Ru.
   291 | D        | Found a glowing silver altar of Zin.
   291 | D        | Found a shadowy altar of Dithmenos.
   291 | D        | Found a white marble altar of Elyvilon.
   291 | D        | Noticed a yak
   294 | D        | Killed a yak
   294 | D        | Reached *** piety under Trog
   294 | D        | Reached skill level 11 in Maces & Flails
   294 | D        | Reached XP level 7. HP: 16/80 MP: 6/6
   295 | D        | Found an opulent altar of Gozag.
   397 | D        | Found a sparkling altar of Nemelex Xobeh.
   413 | D        | Noticed a centaur warrior
   414 | D        | Noticed a centaur warrior
   422 | D        | HP: 2/80 [centaur warrior/arrow (23)]
   423 | D        | Shot with an arrow by a centaur warrior

Skill      XL: |  1  2  3  4  5  6 |
---------------+-------------------+-----
Fighting       | 5 8 |  8.1
Maces & Flails | 8 11 | 11.8
Dodging        | |  2.4
Stealth        | |  0.3

Action                   |  1- 3 |  4- 6 |  7- 9 || total
-------------------------+-------+-------+-------++-------
Melee: Mace              |    25 |       |       ||    25
       Giant club        |       |    13 |     3 ||    16
  Eat: Chunk             |       |     7 |     2 ||     9
Armor: Animal skin       |     8 |     1 |       ||     9
Dodge: Dodged            |    13 |     5 |       ||    18
